 Dungeon Crawl Stone Soup version 0.25.0-11-g1f837a7 (webtiles) character file.

Game seed: 6644182659057072425

16785 XxsatanxX the Fighter (level 12, -7/118 HPs)
             Began as a Hill Orc Berserker on June 27, 2020.
             Was a Priest of Trog.
             Mangled by a minotaur
             ... wielding a +1 demon blade of electrocution
              (10 damage)
             ... in a Gauntlet.
             The game lasted 00:18:48 (11658 turns).

XxsatanxX the Fighter (Hill Orc Berserker)         Turns: 11658, Time: 00:18:48

Health: -7/118     AC: 19    Str: 21    XL:     12   Next: 41%
Magic:  12/12      EV:  9    Int:  7    God:    Trog [***...]
Gold:   546        SH:  3    Dex: 14    Spells: 11/11 levels left

rFire    . . .     SeeInvis .   y - +0 hand axe (elec)
rCold    . . .     Gourm    .   v - +0 buckler
rNeg     . . .     Faith    .   j - +0 plate armour
rPois    +         Spirit   .   (no helmet)
rElec    .         Reflect  .   H - +0 cloak
rCorr    .         Harm     .   (no gloves)
MR       ++++.     NoTele   +   p - +2 pair of boots
Stlth    ..........             (no amulet)
HPRegen  1.29/turn              x - ring of poison resistance
MPRegen  0.13/turn              Q - ring of protection from magic

@: berserk cooldown, regenerating, slowed, very slow
A: deterioration 1, magic resistance 1, evolution 1
a: Berserk, Trog's Hand, Renounce Religion


You were in a Gauntlet.
You worshipped Trog.
Trog was most pleased with you.
You were hungry.

You visited 2 branches of the dungeon, and saw 12 of its levels.
You also visited: Gauntlet.

You collected 546 gold pieces.

Inventory:

Hand Weapons
 y - a +0 hand axe of electrocution (weapon)
 z - a +0 war axe
 N - a cursed -3 broad axe
Missiles
 B - a throwing net (quivered)
Armour
 j - a +0 plate armour (worn)
 p - a +2 pair of boots (worn)
 v - a +0 buckler (worn)
 H - a +0 cloak (worn)
 O - a scarf of invisibility
Jewellery
 a - an uncursed ring of stealth
 g - an uncursed ring of see invisible
 l - an uncursed ring of protection from fire
 x - a ring of poison resistance (left hand)
 Q - a ring of protection from magic (right hand)
 R - an uncursed ring of resist corrosion {unknown}
Wands
 d - a wand of iceblast (7)
 w - a wand of disintegration (16)
 D - a wand of digging (5)
 G - a wand of enslavement (6)
 K - a wand of random effects (15)
 L - a wand of paralysis (13)
 M - a wand of polymorph (1)
Scrolls
 b - a scroll of magic mapping
 e - a scroll of immolation
 h - 7 scrolls of remove curse
 i - a scroll of fog
 r - a scroll of silence
 s - 4 scrolls of enchant armour {unknown}
 A - 7 scrolls of fear {unknown}
 C - 4 scrolls of teleportation {unknown}
 E - a scroll of random uselessness {unknown}
 F - 2 scrolls of enchant weapon {unknown}
Potions
 f - 5 potions of haste
 k - 4 potions of mutation
 m - a potion of lignification {unknown}
 n - 6 potions of curing {unknown}
 o - 2 potions of invisibility
 q - a potion of flight {unknown}
 t - 3 potions of heal wounds {unknown}
 u - 2 potions of might {unknown}
 I - 4 potions of stabbing {unknown}
Miscellaneous
 P - a phantom mirror
Comestibles
 c - 23 rations
 J - 12 chunks of flesh


   Skills:
 * Level 14.8 Fighting
 + Level 12.1 Axes
 + Level 10.1 Armour
 + Level 7.7 Dodging


You had 11 spell levels left.
You didn't know any spells.
Your spell library was empty.

Dungeon Overview and Level Annotations

Branches:
Dungeon (11/15)            Temple (0/1) D:4            Lair (1/6) D:8
Gauntlet (1/1)
    Orc: D:9-12

Altars:
Cheibriados
Elyvilon
Gozag
Kikubaaqudgha
Nemelex Xobeh
Okawaru
Ru
Uskayaw
Vehumet
Wu Jian
Xom
Yredelemnul
Zin
The Shining One

Annotations:
D:5 exclusion: statue
D:6 Maggie, Menkaure Gauntlet , 2 transporters


Innate Abilities, Weirdness & Mutations

Your body sometimes deteriorates upon taking damage.
You are resistant to hostile enchantments. (MR+)
You evolve.


Message History

The minotaur hits you but does no damage.
You are electrocuted!
* * * LOW HITPOINT WARNING * * *
The minotaur gores you.
* * * LOW HITPOINT WARNING * * *
Okay, then.
Press: ? - help, v - describe, . - travel
Here: a minotaur, wielding a +1 demon blade of electrocution, wearing a +0 plate armour, wearing the +0 kite shield "Muluim" {*Drain rC+ rN+ Dex+3}, wearing the ring "Puapp" {rF+ Int+2} and quivering 11 silver javelins The floor, spattered with blood.
It was a potion of mutation.
You feel extremely strange.
You feel nature experimenting on you.
Don't worry, failures die fast.
You feel yourself wasting away.
You feel resistant to hostile enchantments.
The minotaur hits you but does no damage.
The minotaur gores you!
* * * LOW HITPOINT WARNING * * *
The minotaur hits you with a +1 demon blade of electrocution!
* * * LOW HITPOINT WARNING * * *
You are electrocuted!
You die...

#≈...............≈##
###.#.#######.#.###
#.#....#....#.#
#.#.##.#.##.#.#
#......(......#
#.#..##'##..#.#
#.#..#8.8#..#.#
#....#...#....#
###8.#8@8#.8###
####[H[#### #8.8#
#=.}# #8∩8# #####


You could see a minotaur.

Vanquished Creatures
  Snorg (D:10)
  Erica (D:10)
  3 two-headed ogres
  An unseen horror (D:9)
  An ugly thing (D:9)
  A cyclops (D:9)
  Joseph (D:8)
  Psyche (D:9)
  4 elephants (Gauntlet)
  A torpor snail (Gauntlet)
  2 trolls
  Grinder (D:6)
  A hornet (D:9)
  Prince Ribbit (D:5)
  2 hippogriffs (D:9)
  A wyvern (D:10)
  4 hogs (D:10)
  Grum (D:9)
  4 yaks
  Eustachio (D:6)
  5 hungry ghosts
  A human (D:10)
  A water moccasin (D:5)
  4 porcupines (D:8)
  A sky beast (D:9)
  Duvessa (D:5)
  3 orc warriors
  4 ice beasts
  4 black bears
  7 ogres
  3 phantoms
  4 wolves (D:9)
  2 centaurs
  A crocodile (D:8)
  A big kobold (D:9)
  Dowan (D:5)
  8 bullfrogs
  4 scorpions
  14 killer bees
  5 wights (D:10)
  2 howler monkeys
  2 bullfrog zombies
  5 crimson imps
  3 centaur zombies
  2 hounds
  2 bullfrog skeletons
  4 orc priests
  3 centaur skeletons
  3 iguanas
  3 orc wizards
  7 worker ants
  A hound zombie (D:6)
  A hound skeleton (D:9)
  3 gnolls (D:6)
  10 adders
  A shadow imp (D:6)
  An adder skeleton (D:4)
  2 worms
  4 dart slugs
  10 leopard geckos
  30 orcs
  3 ball pythons
  14 bats
  5 giant cockroaches
  2 hobgoblins
  9 jackals
  11 kobolds
  5 quokkas
  4 frilled lizards
  7 goblins
  A jackal skeleton (D:5)
  A leopard gecko skeleton (D:5)
  A leopard gecko zombie (D:6)
  10 rats
  2 plants (D:8)
281 creatures vanquished.

Vanquished Creatures (collateral kills)
  A troll (D:9)
1 creature vanquished.

Vanquished Creatures (others)
  18 fungi (D:8)
  4 plants (D:8)
  A withered plant (Gauntlet)
23 creatures vanquished.

Grand Total: 305 creatures vanquished

Notes
Turn   | Place    | Note
-------+----------+-------------------------------------------
     0 | D:1      | XxsatanxX the Hill Orc Berserker began the quest for the
                  | Orb.
     0 | D:1      | Reached XP level 1. HP: 19/19 MP: 1/1
   111 | D:1      | Reached XP level 2. HP: 22/27 MP: 2/2
   304 | D:1      | Reached skill level 4 in Fighting
   622 | D:1      | Reached XP level 3. HP: 26/33 MP: 3/3
  1399 | D:2      | Found a sparkling altar of Nemelex Xobeh.
  1531 | D:2      | Reached ** piety under Trog
  1601 | D:2      | Reached XP level 4. HP: 24/41 MP: 4/4
  2026 | D:2      | Found a shimmering altar of Xom.
  2083 | D:2      | Found a basalt altar of Yredelemnul.
  2443 | D:2      | Found a faded altar of an unknown god.
  2698 | D:3      | Reached skill level 5 in Fighting
  2698 | D:3      | Reached XP level 5. HP: 27/48 MP: 5/5
  3104 | D:3      | Found an iron altar of Okawaru.
  3225 | D:3      | Found an ancient bone altar of Kikubaaqudgha.
  3416 | D:3      | Found an ornate altar of the Wu Jian Council.
  3416 | D:3      | Found a hide-covered altar of Uskayaw.
  3567 | D:4      | Reached skill level 5 in Axes
  3812 | D:4      | Found a staircase to the Ecumenical Temple.
  3950 | D:4      | Found a snail-covered altar of Cheibriados.
  4055 | D:4      | Reached XP level 6. HP: 57/57 MP: 6/6
  4218 | D:4      | Reached *** piety under Trog
  4364 | D:4      | Found a glowing golden altar of the Shining One.
  4471 | D:5      | Entered Level 5 of the Dungeon
  4474 | D:5      | Reached skill level 6 in Fighting
  4477 | D:5      | Noticed a water moccasin
  4488 | D:5      | Killed a water moccasin
  4488 | D:5      | Reached XP level 7. HP: 36/64 MP: 7/7
  4692 | D:5      | Reached skill level 7 in Fighting
  4877 | D:5      | Found a radiant altar of Vehumet.
  5079 | D:5      | Noticed Dowan
  5079 | D:5      | Noticed Duvessa
  5089 | D:5      | Killed Duvessa
  5089 | D:5      | Reached XP level 8. HP: 55/73 MP: 8/8
  5100 | D:5      | Killed Dowan
  5235 | D:5      | You fall into a shaft and drop 1 floor!
  5565 | D:5      | Noticed Prince Ribbit
  5579 | D:5      | Killed Prince Ribbit
  5579 | D:5      | Reached skill level 8 in Fighting
  5579 | D:5      | Reached skill level 5 in Armour
  5876 | D:6      | Noticed Maggie
  5876 | D:6      | Noticed Menkaure
  5903 | D:6      | Reached skill level 9 in Fighting
  6108 | D:6      | Found an opulent altar of Gozag.
  6189 | D:6      | Noticed Eustachio
  6192 | D:6      | Reached **** piety under Trog
  6192 | D:6      | Reached XP level 9. HP: 67/83 MP: 9/9
  6217 | D:6      | Killed Eustachio
  6261 | D:6      | Noticed Grinder
  6286 | D:6      | Paralysed by Grinder for 7 turns
  6299 | D:6      | Paralysed by Grinder for 4 turns
  6303 | D:6      | Killed Grinder
  6303 | D:6      | Reached skill level 10 in Fighting
  6603 | D:7      | Reached skill level 5 in Dodging
  6917 | D:7      | Reached skill level 11 in Fighting
  6917 | D:7      | Reached XP level 10. HP: 94/95 MP: 10/10
  7028 | D:7      | Found a glowing silver altar of Zin.
  7232 | D:8      | Found a white marble altar of Elyvilon.
  7261 | D:8      | Noticed Joseph
  7296 | D:8      | Killed Joseph
  7342 | D:8      | Found a staircase to the Lair.
  7344 | D:8      | Noticed a two-headed ogre
  7358 | D:8      | Killed a two-headed ogre
  7358 | D:8      | Reached ***** piety under Trog
  7365 | D:8      | Reached skill level 12 in Fighting
  8043 | D:9      | Noticed Psyche
  8069 | D:9      | Killed Psyche
  8069 | D:9      | Reached skill level 10 in Axes
  8284 | D:9      | Reached XP level 11. HP: 22/105 MP: 11/11
  8446 | D:9      | Noticed Grum
  8456 | D:9      | HP: 3/157 [something (9)]
  8459 | D:9      | Killed Grum
  8833 | D:9      | Paralysed by a hornet for 2 turns
  8867 | D:9      | Noticed a purple ugly thing
  8884 | D:9      | Killed an unseen horror
  8884 | D:9      | Reached skill level 13 in Fighting
  8902 | D:9      | Killed a purple ugly thing
  8909 | D:9      | Noticed a cyclops
  8935 | D:9      | Killed a cyclops
  9082 | D:9      | Noticed a two-headed ogre
  9095 | D:9      | Killed a two-headed ogre
  9282 | D:9      | Found a sacrificial altar of Ru.
  9783 | D:10     | Entered Level 10 of the Dungeon
 10090 | D:10     | Noticed Snorg
 10112 | D:10     | Killed Snorg
 10362 | D:10     | Noticed a two-headed ogre
 10368 | D:10     | Killed a two-headed ogre
 10368 | D:10     | Reached skill level 14 in Fighting
 10502 | D:10     | Reached XP level 12. HP: 117/117 MP: 12/12
 10681 | D:10     | Noticed Erica
 10712 | D:10     | Killed Erica
 11441 | Lair:1   | Entered Level 1 of the Lair of Beasts
 11441 | Lair:1   | Found a gate leading to a gauntlet.
 11448 | Gauntlet | Entered a Gauntlet
 11448 | Gauntlet | Found a transporter.
 11461 | Gauntlet | Found a runed translucent door.
 11461 | Gauntlet | Found a transporter.
 11463 | Gauntlet | Found a transporter.
 11463 | Gauntlet | Found a transporter.
 11487 | Gauntlet | Reached skill level 10 in Armour
 11612 | Gauntlet | Found a transporter.
 11651 | Gauntlet | Identified the +0 kite shield "Muluim" {*Drain rC+ rN+
                  | Dex+3}
 11651 | Gauntlet | Identified the ring "Puapp" {rF+ Int+2}
 11651 | Gauntlet | Noticed a minotaur
 11658 | Gauntlet | Gained mutation: You evolve. [potion of mutation]
 11658 | Gauntlet | Gained mutation: Your body sometimes deteriorates upon
                  | taking damage. [potion of mutation]
 11658 | Gauntlet | Gained mutation: You are resistant to hostile enchantments.
                  | (MR+) [potion of mutation]
 11658 | Gauntlet | HP: 3/118 [minotaur/+1 demon blade of electrocution (12)]
 11658 | Gauntlet | Mangled by a minotaur

Illustrated notes

Levels and vault maps discovered:
D:1:      nzn_arrival_settlement, layout_loops_ring
D:2:      layout_basic, nemelex_xobeh_ov_fountains_minmay, xom_teletrap_fun,
          old_standard_altar, chequers_ecumenical_altar_simple_redux,
          minmay_curled_crystal
D:3:      layout_rooms, kiku_gazebo_pond_becter,
          gammafunk_temple_overflow_elements, kennysheep_nondescript,
          okawaru_metal_pillars_1_2
D:4:      wad_crossroads, layout_basic, cheibriados_altar_1,
          minmay_temple_entry_statues_fountains, first_ration,
          hangedman_feature_mirror, nicolae_tso_carved_into_rock
D:5:      black_bear_nest_1, layout_loops_ring, vehumet_statue, uniq_duvessa,
          uniq_prince_ribbit1
D:6:      layout_rooms, nicolae_overflow_hidden_temple, uniq_maggie,
          uniq_eustachio, uniq_menkaure, uniq_grinder
D:7:      layout_cave_pools, basic_altar
D:8:      layout_basic, overflow_temple_1_default, due_lair_maze_entry_diamond,
          uniq_joseph
D:9:      minmay_the_grid_triangle_9x9_rhombus_thin_mashed
          [minmay_the_grid_triangle_9x9_zippers_horizontal,
          minmay_the_grid_triangle_9x9_prize_top_heavy,
          minmay_the_grid_triangle_9x9_limited_checkers,
          minmay_the_grid_triangle_9x9_negative_grid], layout_cross,
          marbit_many_paths, kennysheep_generic_room_10, uniq_psyche, uniq_grum
D:10:     layout_basic, grunt_livestock, uniq_snorg, uniq_erica
D:11:     layout_gridville, serial_shops, nicolae_shop_behind_doors
Lair:1:   layout_cave_shapes, gauntlet_entry_generic,
          grunt_forest_large_clearing_hut
Gauntlet: gammafunk_gauntlet_77_escape_option [minmay_gauntlet_arena_77_path,
          minmay_gauntlet_arena_77_two_paths, minmay_gauntlet_arena_77_cramped,
          minmay_gauntlet_arena_77_museum, minmay_gauntlet_arena_77_box,
          nicolae_gauntlet_exit_dead_adventurers]

Skill      XL: |  1  2  3  4  5  6  7  8  9 10 11 12 |
---------------+-------------------------------------+-----
Fighting       | 4 5 6 7 9 11 12 14 | 14.8
Dodging        | 2 3 4 5 6 7 |  7.7
Armour         | 3 4 5 7 8 9 10 | 10.1
Axes           | 5 6 7 9 10 11 12 | 12.1

Action                   |  1- 3 |  4- 6 |  7- 9 | 10-12 || total
-------------------------+-------+-------+-------+-------++-------
Melee: Hand axe          |   137 |   187 |   277 |   531 ||  1132
Invok: Trog's Hand       |       |       |     3 |    11 ||    14
       Berserk           |       |       |     3 |    10 ||    13
       Brothers in Arms  |       |       |       |     1 ||     1
  Use: Scroll            |       |     2 |     1 |     6 ||     9
       Potion            |       |       |       |     1 ||     1
  Eat: Chunk             |     2 |     9 |    12 |    31 ||    54
       Ration            |       |       |       |     2 ||     2
Armor: Animal skin       |    19 |       |       |       ||    19
       Plate armour      |    55 |   138 |   160 |   307 ||   660
Dodge: Dodged            |    86 |    61 |    79 |   215 ||   441
Block: Buckler           |       |     5 |    24 |    75 ||   104
